TOP OF THE 1ST |
Dallas College Colonels batting - Pitching for Des Moines College Arsenal : RHP Leroy Wilson
|
Pitching: RHP Leroy Wilson
|
|
Batting: RHB Dabney Strong
|
0-0: Called Strike 0-1: Ground out 5-3 (Groundball, 5S, EV 85.6 MPH)
|
Batting: RHB Charley Baynard
|
0-0: Fly out, F9 (Line Drive, 34D, EV 97.5 MPH)
|
Batting: LHB Buddy Orange
|
0-0: Foul Ball, location: 2F 0-1: Fly out, F9 (Line Drive, 89M, EV 95.0 MPH)
|
Top of the 1st over - 0 runs, 0 hits, 0 errors, 0 left on base; Dallas College 0 - Des Moines College 0 |
BOTTOM OF THE 1ST |
Des Moines College Arsenal batting - Pitching for Dallas College Colonels : LHP Lionel Greyer
|
Pitching: LHP Lionel Greyer
|
|
Batting: LHB Al Hill
|
0-0: Ball 1-0: Called Strike 1-1: Foul Ball, location: 7LSF 1-2: Ball 2-2: Strikes out looking
|
Batting: RHB Othello Clark
|
0-0: Called Strike 0-1: Fly out, F6 (Line Drive, 6M, EV 71.9 MPH)
|
Batting: RHB Art Mack
|
0-0: Ball 1-0: Called Strike 1-1: Ball 2-1: Fly out, F9 (Flyball, 9LD, EV 106.3 MPH)
|
Bottom of the 1st over - 0 runs, 0 hits, 0 errors, 0 left on base; Dallas College 0 - Des Moines College 0 |
TOP OF THE 2ND |
Dallas College Colonels batting - Pitching for Des Moines College Arsenal : RHP Leroy Wilson
|
Batting: RHB Harry Bradford
|
0-0: Ball 1-0: Foul Ball, location: 5FF 1-1: Foul Ball, location: 9LSF 1-2: Ground out 6-3 (Groundball, 6, EV 86.9 MPH)
|
Batting: RHB Fred Byrd
|
0-0: Called Strike 0-1: Foul Ball, location: 2F 0-2: DOUBLE (Groundball, 5L, EV 105.0 MPH)
|
Batting: RHB William Johnson
|
0-0: Called Strike 0-1: Foul Ball, location: 2RF 0-2: Fly out, F8 (Flyball, 8RD, EV 108.8 MPH)
|
Batting: RHB Robert Harper
|
0-0: Called Strike 0-1: Ball 1-1: Ball 2-1: Ground out U3 (Groundball, 23, EV 81.9 MPH)
|
Top of the 2nd over - 0 runs, 1 hit, 0 errors, 1 left on base; Dallas College 0 - Des Moines College 0 |
BOTTOM OF THE 2ND |
Des Moines College Arsenal batting - Pitching for Dallas College Colonels : LHP Lionel Greyer
|
Batting: RHB John Cephus
|
0-0: Foul Ball, location: 5SF 0-1: Ball 1-1: Swinging Strike 1-2: DOUBLE (Line Drive, 89XD, EV 110.6 MPH)
|
Batting: RHB Larry Romes
|
0-0: Swinging Strike 0-1: Ball 1-1: Ground out 4-3 (Groundball, 4, EV 100.0 MPH) John Cephus to third
|
Batting: LHB Bill Chapman
|
0-0: Swinging Strike 0-1: Foul Ball, location: 23F 0-2: DOUBLE (Groundball, 3L, EV 103.8 MPH) John Cephus scores
|
Batting: RHB Horace Parker
|
0-0: Ball 1-0: SINGLE (Flyball, 7S, EV 89.4 MPH) Bill Chapman to third
|
Batting: RHB Joshua Haney
|
0-0: Foul Ball, location: 5F 0-1: Fielders Choice at 2nd, 5-4 (Groundball, 56S, EV 92.5 MPH) Bill Chapman scores
|
Batting: SHB Leroy Wilson
|
0-0: Called Strike 0-1: Called Strike Joshua Haney steals 2nd base 0-2: Ball 1-2: Ball 2-2: Foul Ball, location: 2F 2-2: Ground out 6-3 (Groundball, 6M, EV 81.9 MPH)
|
Bottom of the 2nd over - 2 runs, 3 hits, 0 errors, 1 left on base; Dallas College 0 - Des Moines College 2 |
TOP OF THE 3RD |
Dallas College Colonels batting - Pitching for Des Moines College Arsenal : RHP Leroy Wilson
|
Batting: SHB Dewey Coleman
|
0-0: Ball 1-0: Ball 2-0: Ball 3-0: Base on Balls
|
Batting: LHB Lionel Greyer
|
0-0: Called Strike Dewey Coleman steals 2nd base 0-1: Ball 1-1: Ball 2-1: Sac Bunt to 3S - play at first, batter OUT! 3-1 Dewey Coleman to third
|
Batting: RHB Dabney Strong
|
0-0: Ball 1-0: Ground out 6-3 (Groundball, 6, EV 86.9 MPH) Dewey Coleman scores
|
Batting: RHB Charley Baynard
|
0-0: Ground out 6-3 (Groundball, 6, EV 86.3 MPH)
|
Top of the 3rd over - 1 run, 0 hits, 0 errors, 0 left on base; Dallas College 1 - Des Moines College 2 |
BOTTOM OF THE 3RD |
Des Moines College Arsenal batting - Pitching for Dallas College Colonels : LHP Lionel Greyer
|
Batting: LHB Al Hill
|
0-0: Swinging Strike 0-1: Bunted foul 0-2: Ball 1-2: Ground out 1-3 (Groundball, 15S, EV 73.8 MPH)
|
Batting: RHB Othello Clark
|
0-0: Ball 1-0: Ball 2-0: Called Strike 2-1: Called Strike 2-2: Foul Ball, location: 5SF 2-2: Fly out, F9 (Flyball, 9LS, EV 72.5 MPH)
|
Batting: RHB Art Mack
|
0-0: Called Strike 0-1: Ball 1-1: Ball 2-1: Fly out, F7 (Flyball, 7LD, EV 88.1 MPH)
|
Bottom of the 3rd over - 0 runs, 0 hits, 0 errors, 0 left on base; Dallas College 1 - Des Moines College 2 |
TOP OF THE 4TH |
Dallas College Colonels batting - Pitching for Des Moines College Arsenal : RHP Leroy Wilson
|
Batting: LHB Buddy Orange
|
0-0: Ball 1-0: Ground out 4-3 (Groundball, 4M, EV 98.8 MPH)
|
Batting: RHB Harry Bradford
|
0-0: Ball 1-0: Called Strike 1-1: Ball 2-1: Called Strike 2-2: Ground out 5-3 (Groundball, 56S, EV 65.6 MPH)
|
Batting: RHB Fred Byrd
|
0-0: Fly out, F9 (Flyball, 9, EV 90.0 MPH)
|
Top of the 4th over - 0 runs, 0 hits, 0 errors, 0 left on base; Dallas College 1 - Des Moines College 2 |
BOTTOM OF THE 4TH |
Des Moines College Arsenal batting - Pitching for Dallas College Colonels : LHP Lionel Greyer
|
Batting: RHB John Cephus
|
0-0: Foul Ball, location: 2F 0-1: Ball 1-1: Ball 2-1: Ball 3-1: Ground out 5-3 (Groundball, 56, EV 100.6 MPH)
|
Batting: RHB Larry Romes
|
0-0: Foul Ball, location: 25F 0-1: Fly out, F4 (Line Drive, 4, EV 68.1 MPH)
|
Batting: LHB Bill Chapman
|
0-0: Swinging Strike 0-1: Foul Ball, location: 2F 0-2: Hit by Pitch
|
Batting: RHB Horace Parker
|
0-0: Called Strike 0-1: Swinging Strike 0-2: Ball 1-2: Fly out, F9 (Flyball, 9D, EV 111.3 MPH)
|
Bottom of the 4th over - 0 runs, 0 hits, 0 errors, 1 left on base; Dallas College 1 - Des Moines College 2 |
TOP OF THE 5TH |
Dallas College Colonels batting - Pitching for Des Moines College Arsenal : RHP Leroy Wilson
|
Batting: RHB William Johnson
|
0-0: Fly out, F8 (Flyball, 89M, EV 95.6 MPH)
|
Batting: RHB Robert Harper
|
0-0: Ball 1-0: Fly out, F9 (Flyball, 9, EV 93.1 MPH)
|
Batting: SHB Dewey Coleman
|
0-0: Called Strike 0-1: Called Strike 0-2: Strikes out swinging
|
Top of the 5th over - 0 runs, 0 hits, 0 errors, 0 left on base; Dallas College 1 - Des Moines College 2 |
BOTTOM OF THE 5TH |
Des Moines College Arsenal batting - Pitching for Dallas College Colonels : LHP Lionel Greyer
|
Batting: RHB Joshua Haney
|
0-0: Ball 1-0: Ball 2-0: Swinging Strike 2-1: Ball 3-1: Foul Ball, location: 25F 3-2: Ground out 4-3 (Groundball, 4, EV 82.5 MPH)
|
Batting: SHB Leroy Wilson
|
0-0: Fly out, F8 (Line Drive, 8LD, EV 95.6 MPH)
|
Batting: LHB Al Hill
|
0-0: Foul Ball, location: 7LDF 0-1: Ground out 4-3 (Groundball, 34D, EV 108.1 MPH)
|
Bottom of the 5th over - 0 runs, 0 hits, 0 errors, 0 left on base; Dallas College 1 - Des Moines College 2 |
TOP OF THE 6TH |
Dallas College Colonels batting - Pitching for Des Moines College Arsenal : RHP Leroy Wilson
|
Batting: LHB Lionel Greyer
|
0-0: Called Strike 0-1: Ball 1-1: Foul Ball, location: 3F 1-2: Strikes out swinging
|
Batting: RHB Dabney Strong
|
0-0: Ball 1-0: Called Strike 1-1: TRIPLE (Groundball, 3L, EV 103.8 MPH)
|
Batting: RHB Charley Baynard
|
0-0: Fly out, F9 (Flyball, 9LD, EV 101.9 MPH) Runner from 3rd tags up, SCORES, no throw by RF
|
Batting: LHB Buddy Orange
|
0-0: Ball 1-0: Ball 2-0: Called Strike 2-1: Called Strike 2-2: Ground out U3 (Groundball, 34, EV 84.4 MPH)
|
Top of the 6th over - 1 run, 1 hit, 0 errors, 0 left on base; Dallas College 2 - Des Moines College 2 |
BOTTOM OF THE 6TH |
Des Moines College Arsenal batting - Pitching for Dallas College Colonels : LHP Lionel Greyer
|
Batting: RHB Othello Clark
|
0-0: Called Strike 0-1: Called Strike 0-2: Ball 1-2: Ball 2-2: Ground out 2-3 (Groundball, 15S, EV 71.3 MPH)
|
Batting: RHB Art Mack
|
0-0: Fly out, F6 (Popup, 6S, EV 61.3 MPH)
|
Batting: RHB John Cephus
|
0-0: Called Strike 0-1: Ball 1-1: Ball 2-1: Ball 3-1: Called Strike 3-2: Base on Balls
|
Batting: RHB Larry Romes
|
0-0: Ball 1-0: Fielders Choice at 2nd, 6-4 (Groundball, 6, EV 84.4 MPH)
|
Bottom of the 6th over - 0 runs, 0 hits, 0 errors, 1 left on base; Dallas College 2 - Des Moines College 2 |
TOP OF THE 7TH |
Dallas College Colonels batting - Pitching for Des Moines College Arsenal : RHP Leroy Wilson
|
Batting: RHB Harry Bradford
|
0-0: Ball 1-0: Ball 2-0: Fly out, F7 (Flyball, 7LSF, EV 73.1 MPH)
|
Batting: RHB Fred Byrd
|
0-0: Called Strike 0-1: Ball 1-1: Ball 2-1: Ground out U3 (Groundball, 34S, EV 93.8 MPH)
|
Batting: RHB William Johnson
|
0-0: Ball 1-0: Called Strike 1-1: Ball 2-1: Foul Ball, location: 2F 2-2: Fly out, F9 (Flyball, 9LSF, EV 88.8 MPH)
|
Top of the 7th over - 0 runs, 0 hits, 0 errors, 0 left on base; Dallas College 2 - Des Moines College 2 |
BOTTOM OF THE 7TH |
Des Moines College Arsenal batting - Pitching for Dallas College Colonels : LHP Lionel Greyer
|
Batting: LHB Bill Chapman
|
0-0: Called Strike 0-1: SINGLE (Line Drive, 6D, EV 96.3 MPH)
|
Batting: RHB Horace Parker
|
0-0: Bunt - Flyout to 15! F1
|
Batting: RHB Joshua Haney
|
0-0: Foul Ball, location: 5DF 0-1: Sac Bunt to 3S - play at first, batter OUT! 3-1 Bill Chapman to second
|
Batting: SHB Leroy Wilson
|
0-0: Ground out U3 (Groundball, 34, EV 81.9 MPH)
|
Bottom of the 7th over - 0 runs, 1 hit, 0 errors, 1 left on base; Dallas College 2 - Des Moines College 2 |
TOP OF THE 8TH |
Dallas College Colonels batting - Pitching for Des Moines College Arsenal : RHP Leroy Wilson
|
Pinch Hitting: RHB Fay Spearman
|
0-0: Ball 1-0: Swinging Strike 1-1: Fly out, F3 (Popup, 34, EV 73.1 MPH)
|
Batting: SHB Dewey Coleman
|
0-0: Ground out 6-3 (Groundball, 6, EV 90.0 MPH)
|
Pinch Hitting: LHB Ray Shropshire
|
0-0: Called Strike 0-1: Ball 1-1: Foul Ball, location: 23F 1-2: Foul Ball, location: 2F 1-2: Strikes out swinging
|
Top of the 8th over - 0 runs, 0 hits, 0 errors, 0 left on base; Dallas College 2 - Des Moines College 2 |
BOTTOM OF THE 8TH |
Des Moines College Arsenal batting - Pitching for Dallas College Colonels : LHP Lionel Greyer
|
Pitching: LHP Rufus Fisher
|
|
Now at 2B: Frank Taylor
|
|
Pinch Hitting: LHB Jiggs Wilson
|
0-0: SINGLE (Line Drive, 4D, EV 110.6 MPH)
|
Batting: RHB Othello Clark
|
0-0: Sac Bunt to 13 - play at first, batter OUT! 1-3 Jiggs Wilson to second
|
Batting: RHB Art Mack
|
0-0: Called Strike 0-1: Foul Ball, location: 2F 0-2: Ball 1-2: Foul Ball, location: 2F 1-2: Ball 2-2: Foul Ball, location: 2F 2-2: Foul Ball, location: 3DF 2-2: Fly out, F6 (Popup, 4MD, EV 66.9 MPH)
|
Batting: RHB John Cephus
|
0-0: Intentional Walk
|
Batting: RHB Larry Romes
|
0-0: Ball 1-0: Ball 2-0: Ground out 1-3 (Groundball, 13, EV 65.6 MPH)
|
Bottom of the 8th over - 0 runs, 1 hit, 0 errors, 2 left on base; Dallas College 2 - Des Moines College 2 |
TOP OF THE 9TH |
Dallas College Colonels batting - Pitching for Des Moines College Arsenal : RHP Leroy Wilson
|
Now in RF: Jiggs Wilson
|
|
Batting: RHB Dabney Strong
|
0-0: Ball 1-0: Hit by Pitch
|
Batting: RHB Charley Baynard
|
0-0: Bunt missed! 0-1: Ball 1-1: Sac Bunt to 13 - play at second, runner OUT! 1-6
|
Batting: LHB Buddy Orange
|
0-0: Called Strike 0-1: 2-RUN HOME RUN (Flyball, 7D, EV 96.3 MPH), Distance : 357 ft
|
Batting: RHB Harry Bradford
|
0-0: Called Strike 0-1: Ball 1-1: Ground out 6-3 (Groundball, 6, EV 79.4 MPH)
|
Batting: RHB Fred Byrd
|
0-0: Ball 1-0: Called Strike 1-1: Fly out, F9 (Flyball, 9, EV 89.4 MPH)
|
Top of the 9th over - 2 runs, 1 hit, 0 errors, 0 left on base; Dallas College 4 - Des Moines College 2 |
BOTTOM OF THE 9TH |
Des Moines College Arsenal batting - Pitching for Dallas College Colonels : LHP Rufus Fisher
|
Batting: LHB Bill Chapman
|
0-0: Ball 1-0: Foul Ball, location: 2F 1-1: Fly out, F6 (Popup, 6M, EV 63.8 MPH)
|
Pinch Hitting: LHB Bob Jefferson
|
0-0: Foul Ball, location: 5F 0-1: Ball 1-1: Swinging Strike 1-2: Foul Ball, location: 5DF 1-2: Strikes out looking
|
Pinch Hitting: LHB Jack Washington
|
0-0: Called Strike 0-1: Ball 1-1: Foul Ball, location: 2F 1-2: SINGLE (Groundball, 4MD, EV 95.6 MPH)
|
Batting: SHB Leroy Wilson
|
0-0: Called Strike 0-1: SINGLE (Groundball, 4MD, EV 105.0 MPH) Jack Washington to second
|
Batting: LHB Jiggs Wilson
|
0-0: Called Strike 0-1: Foul Ball, location: 3F 0-2: Ball 1-2: Foul Ball, location: 23F 1-2: Ball 2-2: Foul Ball, location: 2F 2-2: Foul Ball, location: 7LMF 2-2: Ground out 4-3 (Groundball, 4, EV 85.6 MPH)
|
Bottom of the 9th over - 0 runs, 2 hits, 0 errors, 2 left on base; Dallas College 4 - Des Moines College 2 |
|